 Dungeon Crawl Stone Soup version 0.24-a0-123-ga2403f3 (webtiles) character file.

Game seed: 11900271301194856929

121 mhoghedin the Skirmisher (level 5, 0/34 HPs)
             Began as a Kobold Fighter on Feb 21, 2019.
             Slain by a gnoll
             ... wielding a +0 halberd
              (11 damage)
             ... on level 3 of the Dungeon.
             The game lasted 00:02:30 (1578 turns).

mhoghedin the Skirmisher (Kobold Fighter)           Turns: 1578, Time: 00:02:30

Health: 0/34       AC:  7    Str: 20    XL:     5   Next: 26%
Magic:  5/5        EV:  9    Int:  9    God:
Gold:   96         SH:  9    Dex: 14    Spells: 4/4 levels left

rFire    . . .     SeeInvis .   a - +0 flail
rCold    . . .     Gourm    .   c - +0 shield
rNeg     . . .     Faith    .   b - +0 scale mail
rPois    .         Spirit   .   j - +0 helmet
rElec    .         Reflect  .   (no cloak)
rCorr    .         Harm     .   (no gloves)
MR       .....                  (no boots)
Stlth    ..........             (no amulet)
HPRegen  0.11/turn              (no ring)
MPRegen  0.09/turn              (no ring)

@: mighty
A: small, carnivore
a: no special abilities


You were on level 3 of the Dungeon.
You were very full.

You visited 1 branch of the dungeon, and saw 3 of its levels.

You collected 96 gold pieces.

Inventory:

Hand Weapons
 a - a +0 flail (weapon)
Missiles
 i - a throwing net {=f, !d}
Armour
 b - a +0 scale mail (worn)
 c - a +0 shield (worn)
 j - a +0 helmet (worn)
   (You found it on level 1 of the Dungeon)
Scrolls
 e - 3 scrolls of remove curse
Potions
 k - a potion of berserk rage {unknown}
 l - 2 potions of haste
 m - a potion of cancellation {unknown}
 o - a potion of ambrosia {unknown}
Comestibles
 f - 3 rations


   Skills:
 + Level 4.9 Fighting
 + Level 3.4 Maces & Flails
 - Level 2.4 Armour
 - Level 2.4 Shields


You had 4 spell levels left.
You didn't know any spells.
Your spell library was empty.

Dungeon Overview and Level Annotations

Branches:
Dungeon (3/15)

Altars:


Innate Abilities, Weirdness & Mutations

You are small and have problems with some larger weapons.
You are carnivorous and can eat meat at any time.


Message History

You kill the dart slug!
No target in view!
No target in view!
No target in view!
No target in view!
No target in view!
As you read the scroll of identify, it crumbles to dust.
l - 2 potions of haste You see here a dart slug corpse.
Found a stone staircase leading down.
All of the chunks of flesh in your inventory have rotted away.
There is an open door, spattered with blood here.
Things that are here:
a +0 flail; a +0 whip A kobold comes into view.
It is wielding a +0 whip.
The kobold shouts!
A kobold is nearby!
You block the kobold's attack.
You closely miss the kobold. You block the kobold's attack.
You closely miss the kobold. You block the kobold's attack.
You closely miss the kobold. The kobold barely misses you.
The kobold hits you but does no damage.
You hit the kobold but do no damage. The kobold hits you with a +0 whip.
You take 1 damage, and have 33/34 hp.
Your shield and scale mail prevent you from hitting the kobold.
The kobold hits you but does no damage.
You miss the kobold. The kobold hits you but does no damage.
Health restored: 34 Your shield and scale mail prevent you from hitting the kobold.
You block the kobold's attack. The kobold hits you with a +0 whip.
You take 2 damage, and have 32/34 hp.
You barely miss the kobold. The kobold hits you with a +0 whip.
You take 4 damage, and have 28/34 hp.
You closely miss the kobold. You block the kobold's attack.
The kobold barely misses you.
Your shield and scale mail prevent you from hitting the kobold.
The kobold hits you but does no damage.
You closely miss the kobold. You block the kobold's attack.
The kobold barely misses you.
You sock the kobold!
You kill the kobold!
No target in view!
No target in view!
No target in view!
No target in view!
No target in view!
No target in view!
Things that are here:
a +0 whip; a kobold corpse 2 gnolls come into view.
The gnoll shouts! x2; You hear a shout! x2
A gnoll comes into view. It is wielding a +0 flail.
Health restored: 34
There are monsters nearby!
A gnoll comes into view. It is wielding a +0 halberd.
The gnoll shouts!
The gnoll hits you but does no damage.
You hit the gnoll but do no damage. The gnoll hits you with a +0 spear. x2
You take 6 damage, and have 28/34 hp.
You completely miss the gnoll. The gnoll hits you with a +0 spear.
Your shield and scale mail prevent you from hitting the gnoll.
Your scale mail prevents you from hitting the gnoll.
You block the gnoll's attack.
The gnoll hits you with a cursed +0 flail!
The gnoll hits you from afar with a +0 spear.
You are too injured to fight recklessly!
You take 13 damage, and have 15/34 hp.
MASSIVE DAMAGE!!
Your shield and scale mail prevent you from hitting the gnoll.
The gnoll hits you with a cursed +0 flail!
* * * LOW HITPOINT WARNING * * *
The gnoll closely misses you.
You take 7 damage, and have 8/34 hp.
MASSIVE DAMAGE!!
You aren't carrying any items that you can evoke.
You feel much better. The gnoll closely misses you.
You regained 22 hp, and now have 30/34 hp.
You feel very mighty all of a sudden. The gnoll barely misses you.
You block the gnoll's attack.
You sock the gnoll!
You kill the gnoll!
The gnoll hits you from afar with a +0 spear.
You take 2 damage, and have 29/34 hp.
The gnoll closely misses you.
The gnoll hits you from afar with a +0 halberd!
Things that are here:
a cursed +0 flail; a gnoll corpse You take 10 damage, and have 19/34 hp.
MASSIVE DAMAGE!!
You sock the gnoll!
You kill the gnoll!
You block the gnoll's attack. The gnoll hits you with a +0 halberd!
Things that are here:
a +0 spear; a gnoll corpse You take 8 damage, and have 11/34 hp.
MASSIVE DAMAGE!!
You closely miss the gnoll. The gnoll barely misses you.
You closely miss the gnoll. The gnoll hits you with a +0 halberd!
You die...

## #.# #########.####
.............#
.######...##.# .#
#...##.# .# ####...##.#
.###.?....##.# #
..##.#...###.#######...#
....)..........)@gg.....
.........###.######...)#
.###.##......# .## ##
#.######### # #.#
#.###### #......#
#########.# ..# #.#


You could see 2 gnolls.

Vanquished Creatures
  An adder (D:2)
  5 gnolls (D:3)
  2 worms (D:2)
  3 dart slugs
  A leopard gecko (D:2)
  4 orcs (D:3)
  2 ball pythons
  5 bats
  3 giant cockroaches
  6 goblins
  3 hobgoblins
  A quokka (D:3)
  A frilled lizard (D:2)
  6 kobolds
  6 rats
49 creatures vanquished.

Notes
Turn   | Place    | Note
-------+----------+-------------------------------------------
     0 | D:1      | mhoghedin the Kobold Fighter began the quest for the Orb.
     0 | D:1      | Reached XP level 1. HP: 14/14 MP: 1/1
   116 | D:1      | Reached skill level 2 in Maces & Flails
   145 | D:1      | Reached XP level 2. HP: 18/19 MP: 2/2
   477 | D:2      | Reached XP level 3. HP: 21/24 MP: 3/3
   488 | D:2      | Reached skill level 4 in Fighting
   959 | D:2      | Reached XP level 4. HP: 28/29 MP: 4/4
  1207 | D:3      | Reached skill level 3 in Maces & Flails
  1252 | D:3      | Reached XP level 5. HP: 17/34 MP: 5/5
  1568 | D:3      | HP: 8/34 [gnoll/cursed +0 flail (7)]
  1578 | D:3      | Slain by a gnoll

Levels and vault maps discovered:
D:1:      psy_arrival_dodecagon, layout_loops_ring
D:2:      layout_loops_cross
D:3:      layout_loops_corners

Skill      XL: |  1  2  3  4 |
---------------+-------------+-----
Maces & Flails | 2 3 |  3.4
Fighting       | 4 |  4.9
Armour         | |  2.4
Shields        | |  2.4

Action                   |  1- 3 |  4- 6 || total
-------------------------+-------+-------++-------
Melee: Flail             |    87 |    77 ||   164
  Use: Scroll            |     3 |     4 ||     7
       Potion            |       |     2 ||     2
  Eat: Chunk             |     5 |     5 ||    10
Armor: Scale mail        |    44 |    15 ||    59
Dodge: Dodged            |    31 |    23 ||    54
Block: Shield            |    40 |    38 ||    78

Table legend:
 A = Non-vault XP
 B = Vault XP
 C = Vault XP percentage of total XP
 D = Non-vault monster count
 E = Vault monster count
 F = Vault count percentage of total count
                 A         B        C        D         E       F
            +---------+---------+-------+---------+---------+-------
      Total |     173 |       0 |   0.0 |      49 |       0 |   0.0
            +---------+---------+-------+---------+---------+-------
        D:1 |      24 |       0 |   0.0 |      12 |       0 |   0.0
        D:2 |      47 |       0 |   0.0 |      18 |       0 |   0.0
        D:3 |     102 |       0 |   0.0 |      19 |       0 |   0.0
            +---------+---------+-------+---------+---------+-------

Levels and vault maps discovered:
D:1:      psy_arrival_dodecagon, layout_loops_ring
D:2:      layout_loops_cross
D:3:      layout_loops_corners

Table legend:
 A = Turns spent in this place as a percentage of turns spent in the entire game.
 B = Non-inter-level travel turns spent in this place as a percentage of non-inter-level travel turns spent in the entire game.
 C = Inter-level travel turns spent in this place as a percentage of turns spent in this place.
 D = Turns resting spent in this place as a percentage of non-inter-level travel turns spent in this place.
 E = Turns spent auto-exploring this place as a percentage of non-inter-level travel turns spent in this place.
 F = Non-inter-level travel turns spent in this place divided by the number of levels of this place that you've seen.
                   A       B       C       D       E      F
               +-------+-------+-------+-------+-------+----------------------
         Total | 100.0 | 100.0 |   2.4 |  21.9 |  55.3 | 513.3
       Dungeon | 100.0 | 100.0 |   2.4 |  21.9 |  55.3 | 513.3
               +-------+-------+-------+-------+-------+----------------------

Table legend:
 A = Kills in this place as a percentage of kills in entire the game.
 B = Kills by you in this place as a percentage of kills by you in the entire game.
 C = Kills by friends in this place as a percentage of kills by friends in the entire game.
 D = Other kills in this place as a percentage of other kills in the entire game.
 E = Experience gained in this place as a percentage of experience gained in the entire game.
 F = Experience gained in this place divided by the number of levels of this place that you have seen.
                   A       B       C       D       E      F
               +-------+-------+-------+-------+-------+----------------------
         Total | 100.0 | 100.0 |   N/A |   N/A | 100.0 |  57.7
       Dungeon | 100.0 | 100.0 |   N/A |   N/A | 100.0 |  57.7
               +-------+-------+-------+-------+-------+----------------------
